 Dungeon Crawl Stone Soup version 0.29.1-12-g30fa7ad0bf (webtiles) character file.

Game seed: 7304356668355730766

5 nightchill the Caller (level 1, 0/10 HPs)
             Began as a Tengu Summoner on Jan 3, 2023.
             Slain by an adder (2 damage)
             ... on level 2 of the Dungeon.
             The game lasted 00:00:59 (337 turns).

nightchill the Caller (Tengu Summoner)               Turns: 337, Time: 00:01:00

Health: 0/10       AC:  2    Str:  8    XL:     1   Next: 80%
Magic:  1/4        EV: 12    Int: 15    God:
Gold:   11         SH:  0    Dex: 14    Spells: 3/4 levels left

rFire   . . .      SeeInvis .   d - +0 dagger
rCold   . . .      Faith    .   (no shield)
rNeg    . . .      Spirit   .   a - +0 robe
rPois   .          Reflect  .   (helmet restricted)
rElec   .          Harm     .   (no cloak)
rCorr   .          Rampage  .   (no gloves)
Will    .....                   (boots unavailable)
Stlth   ++........              (no amulet)
HPRegen 0.03/turn               (no ring)
MPRegen 0.09/turn               (no ring)

@: lethally poisoned (0 -> -2)
A: beak, talons 3
a: no special abilities


You were on level 2 of the Dungeon.
You visited 1 branch of the dungeon, and saw 2 of its levels.

You collected 11 gold pieces.

Inventory:

Hand Weapons
 c - a +0 scimitar
 d - a +0 dagger (weapon)
Armour
 a - a +0 robe (worn)
Potions
 b - a potion of magic


   Skills:
 - Level 2.1 Dodging
 - Level 2.0 Stealth
 + Level 2.1 Spellcasting
 * Level 5.1 Summonings


You had 3 spell levels left.
You knew the following spells:

 Your Spells              Type           Power      Damage    Failure   Level
a - Summon Small Mammal   Summ           64%        N/A       2%          1

Your spell library contained the following spells:

 Spells                   Type           Power      Damage    Failure   Level
 Call Imp                 Summ           16%        N/A       4%          2
 Call Canine Familiar     Summ           16%        N/A       9%          3
 Summon Guardian Golem    Hex/Summ       9%         N/A       22%         3
 Summon Lightning Spire   Summ/Air       9%         N/A       58%         4


Dungeon Overview and Level Annotations

Branches:
Dungeon (2/15)

Altars:


Innate Abilities, Weirdness & Mutations

You have a beak for a mouth.
You have claws for feet.


Message History

Things that are here:
a +0 short sword; 5 stones You start resting.
Your quokka disappears in a puff of smoke!
Magic restored.
HP restored.
Found a hand axe.
Found a robe.
An adder comes into view.
An adder is nearby!
Casting: Summon Small Mammal (safe; 2% risk of failure)
Confirm with . or Enter, or press ? or * to list all spells.
The adder hisses angrily.
Casting: Summon Small Mammal (safe; 2% risk of failure)
Confirm with . or Enter, or press ? or * to list all spells.
Casting: Summon Small Mammal (safe; 2% risk of failure)
Confirm with . or Enter, or press ? or * to list all spells.
Your bat disappears in a puff of smoke!
Your quokka bites the adder but does no damage.
The adder bites your quokka.
Your quokka misses the adder.
You swap places.
Your quokka completely misses the adder.
Your quokka barely misses the adder.
Your quokka bites the adder.
The adder closely misses your quokka.
Your quokka barely misses the adder.
You swap places.
The adder bites you.
You are poisoned.
The adder poisons you!
Your quokka closely misses the adder.
You barely miss the adder.
The adder is heavily wounded.
You feel sick. The adder closely misses you.
Your quokka misses the adder. The adder barely misses you.
You completely miss the adder. Your kick misses the adder.
The adder is heavily wounded.
You feel sick.
Your quokka barely misses the adder.
The adder bites you.
* * * LOW HITPOINT WARNING * * *
You completely miss the adder. Your kick misses the adder.
The adder is heavily wounded.
* * * LOW HITPOINT WARNING * * *
You feel sick.
Your quokka misses the adder. The adder bites you.
You die...

#########
........## ..#
####.)...## ..
###.......##.. ..
..........##..
##[##
###.......##..##...
##......##..##.r
##...#.##..##S#
##.##.##..##@#
#.#....#.##r#
#.....###.#.#
###....#.##.######
##.##.......^....
#........#######
##########


You could see an adder (ally target) and 2 friendly quokkas.

Vanquished Creatures
  A kobold (D:2)
1 creature vanquished.

Vanquished Creatures (collateral kills)
  A dart slug (D:2)
  An endoplasm (D:2)
2 creatures vanquished.

Grand Total: 3 creatures vanquished

Notes
Turn   | Place    | Note
-------+----------+-------------------------------------------
     0 | D:1      | nightchill the Tengu Summoner began the quest for the Orb.
     0 | D:1      | Reached XP level 1. HP: 10/10 MP: 4/4
    18 | D:1      | You fall into a shaft and drop 1 floor!
   111 | D:2      | Reached skill level 5 in Summonings
   337 | D:2      | Slain by an adder

Illustrated notes

Levels and vault maps discovered:
D:1:      amcnicky_arrival_single_pillar, layout_basic,
          hellmonk_ecumenical_altar_blasted
D:2:      layout_loops_ring

Skill      XL: |  1 |
---------------+----+-----
Summonings     | 5 |  5.1
Dodging        | |  2.1
Stealth        | |  2.0
Spellcasting   | |  2.1

Action                   || total
-------------------------++-------
Melee: Dagger            ||     6
 Cast: Summon Small Mamm ||    13
Armor: Robe              ||     2
Dodge: Dodged            ||     8
